 Dungeon Crawl Stone Soup version 0.21.1-1-g345015f (webtiles) character file.

2469 ninurtach the Basher (level 9, -4/85 HPs)
             Began as a Minotaur Berserker on Mar 6, 2018.
             Was an Elder of Trog.
             Slain by tidbits's ghost (9 damage)
             ... on level 8 of the Dungeon.
             The game lasted 00:16:14 (7585 turns).

ninurtach the Basher (Minotaur Berserker)           Turns: 7585, Time: 00:16:14

Health: -4/85      AC: 12    Str: 28    XL:     9   Next: 26%
Magic:  8/8        EV:  9    Int:  4    God:    Trog [****..]
Gold:   177        SH:  0    Dex: 12    Spells: 8/8 levels left

rFire    . . .     SeeInvis +   C - +1 flail (crush)
rCold    . . .     Gourm    .   (no shield)
rNeg     . . .     Faith    .   i - +0 chain mail
rPois    .         Spirit   .   (helmet restricted)
rElec    .         Reflect  .   (no cloak)
rCorr    .         Harm     .   (no gloves)
MR       .....                  (no boots)
Stlth    ..........             (no amulet)
HPRegen  0.24/turn              b - +3 ring of protection
MPRegen  0.11/turn              v - ring of see invisible

@: mighty, drained
A: retaliatory headbutt, horns 2
a: Berserk, Trog's Hand, Brothers in Arms, Burn Spellbooks, Renounce Religion


You were on level 8 of the Dungeon.
You worshipped Trog.
Trog was greatly pleased with you.
You were not hungry.

You visited 1 branch of the dungeon, and saw 8 of its levels.
You also visited: Sewer.

You collected 416 gold pieces.
You spent 239 gold pieces at shops.

Inventory:

Hand Weapons
 C - a +1 flail of crushing (weapon)
Armour
 i - a +0 chain mail (worn)
Jewellery
 b - a +3 ring of protection (left hand)
 r - an uncursed ring of fire
 v - a ring of see invisible (right hand)
Wands
 t - a wand of iceblast (8)
Scrolls
 a - 6 scrolls of identify
 d - 2 scrolls of enchant weapon
 e - a scroll of blinking {unknown}
 f - a scroll of immolation {unknown}
 h - a scroll of fear {unknown}
 k - 4 scrolls of remove curse
 n - 4 scrolls of teleportation
 q - a scroll of magic mapping
 u - 2 scrolls of enchant armour
 x - a scroll of torment {unknown}
 y - a scroll of silence {unknown}
 A - a scroll of fog {unknown}
Potions
 g - 2 potions of lignification
 j - 2 potions of brilliance
 l - 2 potions of might
 m - 3 potions of flight
 o - 4 potions of curing
 p - 2 potions of ambrosia
 s - 2 potions of resistance
Comestibles
 c - 8 rations


   Skills:
 - Level 10.0(8.8) Fighting
 * Level 11.1(9.8) Maces & Flails
 + Level 4.1(3.0) Armour
 + Level 3.7(2.7) Dodging


You had 8 spell levels left.
You didn't know any spells.

Dungeon Overview and Level Annotations

Branches:
Dungeon (8/15)             Temple (0/1) D:4
   Lair: D:8-11

Altars:
Gozag
Nemelex Xobeh

Shops:
D:6 ?

Portals:
Ossuary: D:8

Annotations:
D:8 tidbits's ghost, novice GnTm


Innate Abilities, Weirdness & Mutations

You reflexively headbutt those who attack you in melee.
You have a pair of horns on your head.


Message History

You hit tidbits's ghost. Tidbits's ghost hits you!
* * * LOW HITPOINT WARNING * * *
You take 9 damage, and have 18/85 hp.
Okay, then.
You feel very mighty all of a sudden.
Tidbits's ghost hits you but does no damage.
You sock tidbits's ghost! You headbutt tidbits's ghost!
Tidbits's ghost barely misses you. You furiously retaliate!
You headbutt tidbits's ghost! You sock tidbits's ghost!
Your headbutt misses tidbits's ghost. Tidbits's ghost hits you!
* * * LOW HITPOINT WARNING * * *
You take 12 damage, and have 7/85 hp.
You closely miss tidbits's ghost. Your headbutt misses tidbits's ghost.
Tidbits's ghost hits you.
* * * LOW HITPOINT WARNING * * *
You take 3 damage, and have 4/85 hp.
You hit tidbits's ghost. Your headbutt misses tidbits's ghost.
Tidbits's ghost hits you!
You die...

*.######.#.#....#************
*.......<....#.#*
*#######.#.....# #.#.#.#.#
#.#...#.# #.......# #######.#
#.# ******* #@# *******,,,,,*
#W#######****
*,,,**,,,,,,**#........,,,*
*,,,,,,,.∩......#######**,*
**,,,***,....##...** *,*
,,,,,,**,..,,*.....* *,*
,**,*,,,,,***##...## *,*
,**,*,,,,,* ##.## *,*****
,**,,,,,,,* #.# *,,,,,*


You could see tidbits's ghost.

Vanquished Creatures
  A vampire (D:8)
  An orc warrior (D:7)
  Purgy (Sewer)
  An ice beast (D:5)
  A sky beast (D:7)
  4 ogres
  A centaur (D:7)
  A phantom (D:6)
  A big kobold (D:7)
  2 scorpions
  5 wights (D:7)
  A howler monkey (D:5)
  2 crimson imps
  The ghost of letownia2 the Conjurer, a weakling TeWz (D:3)
  A jelly (D:5)
  7 hounds
  5 orc wizards
  2 orc priests
  A bullfrog skeleton (D:5)
  An iguana (D:7)
  4 worker ants
  A killer bee zombie (D:7)
  A hound zombie (D:5)
  11 adders
  6 gnolls (D:2)
  2 river rats (D:3)
  A shadow imp (D:7)
  3 oozes
  3 worms (D:3)
  A dart slug (D:3)
  4 leopard geckos
  8 orcs
  11 bats
  15 giant cockroaches
  11 hobgoblins
  6 jackals
  10 kobolds
  A quokka (D:3)
  5 ball pythons
  5 frilled lizards
  8 goblins
  A quokka skeleton (D:4)
  7 rats
165 creatures vanquished.

Notes
Turn   | Place    | Note
-------+----------+-------------------------------------------
     0 | D:1      | ninurtach the Minotaur Berserker began the quest for the Orb.
     0 | D:1      | Reached XP level 1. HP: 19/19 MP: 0/0
    57 | D:1      | Reached skill level 4 in Maces & Flails
    62 | D:1      | Reached XP level 2. HP: 16/26 MP: 1/1
   780 | D:1      | Reached skill level 5 in Maces & Flails
   783 | D:1      | Reached XP level 3. HP: 27/31 MP: 2/2
  1112 | D:2      | Reached ** piety under Trog
  1112 | D:2      | Reached skill level 6 in Maces & Flails
  1112 | D:2      | Reached XP level 4. HP: 27/39 MP: 3/3
  1874 | D:2      | Found an opulent altar of Gozag.
  1913 | D:2      | Found a faded altar of an unknown god.
  2136 | D:3      | Reached XP level 5. HP: 45/45 MP: 4/4
  2140 | D:3      | Reached skill level 7 in Maces & Flails
  2182 | D:3      | Noticed letownia2's ghost (weakling TeWz)
  2185 | D:3      | Killed letownia2's ghost
  2302 | D:3      | Reached skill level 8 in Maces & Flails
  2347 | D:3      | Reached XP level 6. HP: 18/51 MP: 5/5
  2349 | D:3      | Found a glowing drain.
  2356 | Sewer    | Entered a sewer
  2787 | Sewer    | Noticed Purgy
  2794 | Sewer    | Killed Purgy
  2893 | D:3      | Reached skill level 9 in Maces & Flails
  3209 | D:3      | Reached *** piety under Trog
  3816 | D:4      | Found a staircase to the Ecumenical Temple.
  3838 | D:4      | Reached XP level 7. HP: 57/57 MP: 6/6
  3961 | D:4      | Found Seibekan's Distillery.
  4107 | D:4      | Reached skill level 10 in Maces & Flails
  4385 | D:4      | Reached skill level 5 in Fighting
  4570 | D:5      | Entered Level 5 of the Dungeon
  4638 | D:4      | Reached XP level 8. HP: 31/71 MP: 7/7
  5769 | D:6      | Found a sparkling altar of Nemelex Xobeh.
  5891 | D:6      | Found Bagiwam's Magic Scroll Shop.
  5899 | D:6      | Bought a scroll of magic mapping for 45 gold pieces
  5899 | D:6      | Bought a scroll of enchant weapon for 97 gold pieces
  5899 | D:6      | Bought a scroll of enchant armour for 97 gold pieces
  6177 | D:6      | Reached **** piety under Trog
  6559 | D:7      | Reached skill level 10 in Fighting
  6752 | D:7      | Reached XP level 9. HP: 60/85 MP: 8/8
  7518 | D:8      | Reached skill level 11 in Maces & Flails
  7562 | D:8      | Noticed tidbits's ghost (novice GnTm)
  7564 | D:8      | Found a sand-covered staircase.
  7584 | D:8      | HP: 4/85 [tidbits's ghost (3)]
  7585 | D:8      | Slain by tidbits's ghost

Skill      XL: |  1  2  3  4  5  6  7  8  9 |
---------------+----------------------------+-----
Maces & Flails | 4 5 6 8 9 10 11 | 11.1
Fighting       | 6 10 | 10.0
Armour         | 3 4 |  4.1
Dodging        | 3 |  3.7

Action                   |  1- 3 |  4- 6 |  7- 9 || total
-------------------------+-------+-------+-------++-------
Melee: Mace              |    41 |       |    40 ||    81
       Headbutt          |     8 |    23 |    42 ||    73
       Flail             |     8 |   172 |   180 ||   360
Invok: Berserk           |       |     5 |     6 ||    11
       Trog's Hand       |       |     2 |     5 ||     7
  Use: Scroll            |       |     5 |     5 ||    10
       Potion            |       |       |     1 ||     1
  Eat: Chunk             |       |    13 |    12 ||    25
       Ration            |       |       |     3 ||     3
Armor: Animal skin       |     7 |       |       ||     7
       Ring mail         |     5 |    11 |       ||    16
       Chain mail        |       |    77 |    96 ||   173
Dodge: Dodged            |    27 |    90 |    83 ||   200
